 Dungeon Crawl Stone Soup version 0.23.0-41-g86b089e62c (webtiles) character file.

Game seed: 14199151861107103234

35527 MisterOstroum the Archer (level 13, 0/58 HPs)
             Began as a Spriggan Assassin on Feb 17, 2019.
             Was an Elder of Trog.
             Slain by a red ugly thing (8 damage)
             ... on level 15 of the Dungeon on Feb 28, 2019.
             The game lasted 05:28:51 (32001 turns).

MisterOstroum the Archer (Spriggan Assassin)       Turns: 32001, Time: 05:28:51

Health: 0/58       AC:  5    Str: 10    XL:     13   Next: 48%
Magic:  9/14       EV: 31    Int: 13    God:    Trog [****..]
Gold:   414        SH:  0    Dex: 24    Spells: 12/12 levels left

rFire    + . .     SeeInvis +   b - +5 flail (protect)
rCold    + . .     Gourm    .   (shield restricted)
rNeg     + . .     Faith    .   D - +1 troll leather armour
rPois    .         Spirit   .   (helmet restricted)
rElec    .         Reflect  .   T - scarf {rC+ rF+}
rCorr    +         Harm     .   (gloves unavailable)
MR       ++++.                  (boots unavailable)
Stlth    ++++++....             (no amulet)
HPRegen  1.59/turn              m - +5 ring of dexterity
MPRegen  0.14/turn              A - ring of Gummiurgh {rCorr rN+}

@: marked, regenerating, lightly drained, very quick
A: very small, unfitting armour, see invisible, herbivore, speed 3, slow
metabolism 2
a: Berserk, Trog's Hand, Brothers in Arms, Renounce Religion


You were on level 15 of the Dungeon.
You worshipped Trog.
Trog was greatly pleased with you.
You were not hungry.

You visited 3 branches of the dungeon, and saw 17 of its levels.

You collected 1231 gold pieces.
You spent 817 gold pieces at shops.

Inventory:

Hand Weapons
 a - a +4 shortbow
 b - a +5 flail of protection (weapon)
 c - a +0 blowgun
 d - a +4 dagger
 i - a +1 hand axe of flaming
 n - a +0 hunting sling
 q - a +1 hand crossbow of freezing
 I - a +0 scimitar of flaming
 J - a +2 long sword of holy wrath
 O - a +2 hand axe of freezing
Missiles
 f - 2 silver tomahawks
 j - 229 stones (quivered)
 o - 420 arrows
 y - 74 bolts
 B - a tomahawk
 R - 8 poisoned needles
Armour
 D - a +1 troll leather armour (worn)
 T - a scarf of resistance (worn)
Jewellery
 l - an uncursed ring of poison resistance
 m - a +5 ring of dexterity (left hand)
 u - an uncursed ring of protection from magic
 A - the ring of Gummiurgh (right hand) {rCorr rN+}
   (You found it on level 10 of the Dungeon)

   [ring of resist corrosion]

   It protects you from negative energy.
 E - an uncursed ring of positive energy
 G - an uncursed ring of protection from fire
 H - an uncursed ring of fire
 U - an uncursed ring of ice
Wands
 x - a wand of random effects (15)
 F - a wand of enslavement (4)
 K - a wand of polymorph (4)
 S - a wand of acid (14)
Scrolls
 g - a scroll of immolation
 p - a scroll of fear
 r - 2 scrolls of teleportation
 v - 2 scrolls of magic mapping
 C - a scroll of fog
 V - 5 scrolls of remove curse
 W - a scroll of blinking
Potions
 h - a potion of haste
 k - 2 potions of heal wounds
 s - 3 potions of brilliance
 t - 3 potions of cancellation
 w - a potion of invisibility
 z - a potion of might
 L - 2 potions of curing
 M - a potion of berserk rage {unknown}
 P - a potion of lignification
 Q - 3 potions of magic {unknown}
Miscellaneous
 Y - a sack of spiders
Comestibles
 e - 10 rations


   Skills:
 - Level 2.0(1.8) Fighting
 + Level 8.6 Short Blades
 - Level 1.8(4.3) Long Blades
 + Level 7.4(7.2) Maces & Flails
 - Level 1.4(5.8) Slings
 * Level 14.2(13.9) Bows
 - Level 5.7(5.5) Crossbows
 - Level 7.7(7.6) Throwing
 + Level 13.0(12.7) Dodging
 + Level 13.1(12.9) Stealth


You had 12 spell levels left.
You didn't know any spells.
Your spell library was empty.

Dungeon Overview and Level Annotations

Branches:
Dungeon (15/15)            Temple (1/1) D:6            Lair (0/6) D:10
    Orc (0/2) D:11         Vaults (0/5) D:14         Depths (1/5) D:15

Altars:
Ashenzari
Cheibriados
Dithmenos
Elyvilon
Fedhas
Gozag
Hepliaklqana
Makhleb
Nemelex Xobeh
Okawaru
Qazlal
Ru
Sif Muna
Trog
Wu Jian
Yredelemnul
Zin
The Shining One

Shops:
D:6 *[=}=

Portals:
Trove: D:14 (give +6 demon whip)
Wizlab: Depths:1

Annotations:
D:2 1 runed translucent door, Crazy Yiuf
D:15 the Enchantress


Innate Abilities, Weirdness & Mutations

You are very small and have problems with some larger weapons.
You are too small for most types of armour.
You have supernaturally acute eyesight. (SInv)
You are a herbivore.
You cover ground extremely quickly.
You need to consume almost no food.


Message History

The spriggan defender hits you with a +0 antimagic lajatang!
* * * LOW HITPOINT WARNING * * *
You feel your power leaking away.
The red ugly thing basks in the mutagenic energy from its kin and changes!
The boggart gestures wildly while chanting.
The spriggan berserker invokes Trog's protection!
The brown ugly thing misses you.
The brown ugly thing basks in the mutagenic energy from its kin and changes!
The red ugly thing completely misses you.
The brown ugly thing barely misses you. The Enchantress completely misses you.
You climb upwards.
Welcome back to the Dungeon!
The spriggan defender pulls the alarm!
The alarm trap emits a blaring wail!
A sentinel's mark forms upon you.
There is a staircase to the Depths here.
Your skin crawls.
You feel resistant to hostile enchantments.
You feel somewhat more hungry. The spriggan defender misses you.
The brown ugly thing misses you. The red ugly thing tail-slaps you!
You die...

#######.# #.#####..##...#
..# #.# ###........##...#
#.# #.# ##8....P8.P.##...#
#.# #.###..P.......8###.##
#.#####.##.......8..P..##.#
........##.P...P.......##.#
..#####.##P............##.#
..# ##.##.....ui......##.#
..####.......P.u@i......#.#
...............uu8...8....#
..####...#..P..P8...P8.##.#
[.##.....#.......8...P....#
..##.##.##..8..P.....8.####
.###.######.........88## .#
#.# #.8.P.....8## .# #.#
#......##### .###.###
#.######


You could see the Enchantress, a spriggan defender and 4 ugly things.

Vanquished Creatures
  Josephine (D:15)
  A rakshasa (D:14)
  A vault guard (D:14)
  5 centaur warriors
  5 two-headed ogres
  A death knight (D:12)
  A vampire mage (D:15)
  A skeletal warrior (D:15)
  A necromancer (D:15)
  3 deep elf magi
  6 ugly things
  2 cyclopes
  2 manticores
  A frost giant skeleton (D:15)
  A centaur zombie (D:12)
  5 centaur skeletons
  3 kobold demonologists (D:15)
  A guardian mummy (D:15)
  An efreet (D:14)
  2 komodo dragons
  A tengu conjurer (D:14)
  A yaktaur skeleton (D:15)
  3 hornets (D:9)
  2 trolls
  Prince Ribbit (D:8)
  6 hippogriffs
  An ettin zombie (D:15)
  A centaur simulacrum (D:15)
  4 wraiths
  A wyvern (D:9)
  2 water elementals (D:13)
  2 shadows (D:11)
  19 yaks
  A vampire mosquito (D:12)
  3 wargs (D:10)
  An acid dragon (D:14)
  Edmund (D:4)
  A soldier ant (D:9)
  6 orc warriors
  3 sky beasts
  13 ice beasts
  4 phantoms
  A black bear (D:9)
  4 ogres
  21 centaurs
  2 crocodiles
  2 big kobolds
  A wyvern zombie (D:10)
  8 bullfrogs
  A tengu zombie (D:15)
  2 scorpions
  10 killer bees
  11 wights
  3 electric eels (D:13)
  10 crimson imps
  7 jellies
  A quasit (D:5)
  5 orc priests
  8 hounds
  4 iguanas
  5 iron imps (D:8)
  Jessica (D:15)
  9 orc wizards
  4 worker ants
  A hound zombie (D:9)
  5 gnolls
  11 adders
  3 shadow imps
  4 oozes
  An adder zombie (D:6)
  A worm (D:5)
  2 dart slugs
  6 leopard geckos
  51 orcs
  8 bats
  4 giant cockroaches
  4 hobgoblins
  10 jackals
  22 kobolds
  6 quokkas
  A ball python (D:2)
  5 frilled lizards
  5 goblins
  A quokka skeleton (D:4)
  A quokka zombie (D:8)
  6 rats
  A fungus (D:2)
400 creatures vanquished.

Vanquished Creatures (collateral kills)
  2 orcs (D:5)
2 creatures vanquished.

Vanquished Creatures (others)
  A wyvern zombie (D:13)
  A withered plant (D:15)
2 creatures vanquished.

Grand Total: 404 creatures vanquished

Notes
Turn   | Place    | Note
-------+----------+-------------------------------------------
     0 | D:1      | MisterOstroum the Spriggan Assassin began the quest for the
                  | Orb.
     0 | D:1      | Reached XP level 1. HP: 10/10 MP: 2/2
    85 | D:1      | Reached XP level 2. HP: 3/14 MP: 3/3
   957 | D:2      | Reached XP level 3. HP: 18/18 MP: 4/4
  1455 | D:2      | Found a runed translucent door.
  1456 | D:2      | Noticed Crazy Yiuf
  1943 | D:3      | Reached XP level 4. HP: 22/22 MP: 5/5
  2329 | D:3      | Noticed an ogre
  2336 | D:3      | Killed an ogre
  2336 | D:3      | Reached XP level 5. HP: 25/25 MP: 6/6
  3191 | D:4      | Found a shadowy altar of Dithmenos.
  3191 | D:4      | Found a sparkling altar of Nemelex Xobeh.
  3321 | D:4      | Reached XP level 6. HP: 30/30 MP: 7/7
  3464 | D:4      | Reached skill level 5 in Dodging
  3523 | D:4      | Noticed Edmund
  3562 | D:4      | Killed Edmund
  3655 | D:5      | Entered Level 5 of the Dungeon
  3924 | D:4      | Found an ornate altar of the Wu Jian Council.
  4455 | D:4      | Reached XP level 7. HP: 10/33 MP: 8/8
  5212 | D:5      | Found a hazy altar of Hepliaklqana.
  6382 | D:6      | Found Weineiga's Jewellery Boutique.
  6789 | D:6      | Reached skill level 5 in Throwing
  6837 | D:6      | Reached XP level 8. HP: 39/39 MP: 9/9
  6924 | D:6      | Found Nyitet's Armour Emporium.
  6938 | D:6      | Reached skill level 1 in Long Blades
  7105 | D:6      | Found Dythimen's Jewellery Emporium.
  7251 | D:6      | Found Ufug's Gadget Shoppe.
  7259 | D:6      | Reached skill level 10 in Stealth
  7428 | D:6      | Found a staircase to the Ecumenical Temple.
  7434 | Temple   | Entered the Ecumenical Temple
  7523 | Temple   | Became a worshipper of Trog the Wrathful
  7605 | D:6      | Found Zarhiwn's General Store.
  7612 | D:6      | Bought a +1 hand crossbow of freezing for 199 gold pieces
  7807 | D:7      | Reached skill level 1 in Crossbows
  8669 | D:7      | Reached skill level 5 in Short Blades
  9681 | D:8      | Noticed a rust devil
  9683 | D:8      | Found a basalt altar of Yredelemnul.
  9683 | D:8      | Noticed a rust devil
  9763 | D:8      | Reached skill level 1 in Bows
  9874 | D:8      | Reached * piety under Trog
  9941 | D:8      | Reached XP level 9. HP: 42/42 MP: 10/10
  9950 | D:8      | Reached skill level 2 in Bows
 10368 | D:8      | Noticed Prince Ribbit
 10416 | D:8      | Reached skill level 3 in Bows
 11200 | D:8      | Killed Prince Ribbit
 12078 | D:9      | Reached skill level 4 in Bows
 12098 | D:9      | Noticed a two-headed ogre
 12397 | D:9      | Killed a two-headed ogre
 12397 | D:9      | Reached skill level 6 in Bows
 12454 | D:9      | Reached skill level 7 in Bows
 12735 | D:9      | Noticed a two-headed ogre
 13056 | D:9      | Found a sacrificial altar of Ru.
 13114 | D:9      | Found a stormy altar of Qazlal.
 13285 | D:9      | Reached XP level 10. HP: 46/46 MP: 11/11
 13491 | D:9      | Reached skill level 1 in Maces & Flails
 13600 | D:9      | Killed a two-headed ogre
 13716 | D:9      | Reached skill level 8 in Bows
 14074 | D:9      | Reached skill level 9 in Bows
 14716 | D:10     | Entered Level 10 of the Dungeon
 15078 | D:10     | Got a sparkling pewter ring
 15080 | D:10     | Identified the ring of Gummiurgh {rCorr rN+} (You found it
                  | on level 10 of the Dungeon)
 15313 | D:10     | Found an opulent altar of Gozag.
 15380 | D:10     | Noticed a two-headed ogre
 15456 | D:10     | Reached ** piety under Trog
 15456 | D:10     | Reached skill level 10 in Bows
 15592 | D:10     | Killed a two-headed ogre
 15592 | D:10     | Reached skill level 5 in Crossbows
 15973 | D:10     | Found a staircase to the Lair.
 16856 | D:10     | Reached skill level 10 in Dodging
 17052 | D:10     | Reached XP level 11. HP: 50/50 MP: 12/12
 17827 | D:11     | Noticed a brown ugly thing
 17999 | D:12     | Noticed a purple ugly thing
 18162 | D:12     | Noticed a death knight
 18307 | D:12     | Noticed a death knight
 18380 | D:12     | Found a frozen archway.
 18432 | D:12     | Reached *** piety under Trog
 19014 | D:12     | Reached skill level 11 in Bows
 19096 | D:12     | Received a gift from Trog
 20020 | D:12     | Killed a death knight
 20901 | D:12     | Reached skill level 5 in Maces & Flails
 21424 | D:12     | Killed a purple ugly thing
 21424 | D:12     | Reached skill level 12 in Bows
 21521 | D:13     | Noticed a two-headed ogre
 21521 | D:13     | Noticed a centaur warrior
 21534 | D:13     | Noticed a centaur warrior
 21686 | D:14     | Noticed a centaur warrior
 21862 | D:14     | Found a gate to the Vaults.
 21862 | D:14     | Noticed a vault guard
 21862 | D:14     | Noticed a deep elf mage
 21935 | D:13     | Noticed a centaur warrior
 21955 | D:13     | Noticed a brown ugly thing
 22056 | D:13     | Received a gift from Trog
 22195 | D:13     | Killed a centaur warrior
 22243 | D:13     | Noticed a deep elf mage
 22285 | D:13     | Noticed a centaur warrior
 22480 | D:13     | Killed a centaur warrior
 22480 | D:13     | Reached XP level 12. HP: 53/54 MP: 13/13
 22642 | D:13     | Killed a centaur warrior
 22977 | D:13     | Killed a centaur warrior
 23070 | D:15     | Entered Level 15 of the Dungeon
 23641 | D:6      | Bought a +5 ring of dexterity for 618 gold pieces
 23737 | D:8      | You fall through a shaft for 3 floors!
 23847 | D:11     | Found a staircase to the Orcish Mines.
 24187 | D:10     | Reached skill level 13 in Bows
 24493 | D:11     | Received a gift from Trog
 25523 | D:11     | Reached skill level 14 in Bows
 26754 | D:13     | Killed a two-headed ogre
 27511 | D:13     | Received a gift from Trog
 28704 | D:14     | Killed a vault guard
 28869 | D:14     | Reached XP level 13. HP: 51/58 MP: 14/14
 29167 | D:14     | Found a sacrificial altar of Ru.
 29565 | D:14     | Found a portal to a secret trove of treasure.
 30190 | D:15     | Found a staircase to the Depths.
 30278 | D:15     | Noticed Jessica
 30288 | D:15     | Found a deep blue altar of Sif Muna.
 30292 | D:15     | Killed Jessica
 30367 | D:15     | Noticed Josephine
 30372 | D:15     | Killed Josephine
 30617 | D:15     | Upgraded the game from 0.23.0 to 0.23.0-41-g86b089e62c
 31131 | D:15     | Reached skill level 1 in Slings
 31361 | D:15     | Reached **** piety under Trog
 31681 | D:15     | Noticed a jiangshi
 31854 | Depths:1 | Entered Level 1 of the Depths
 31864 | Depths:1 | Found a magical portal.
 31866 | Depths:1 | Noticed a spriggan defender
 31866 | Depths:1 | Noticed a fire dragon
 31867 | Depths:1 | Identified the +4 faerie dragon scales {*Corrode Regen+
                  | rCorr Dex+3 SInv}
 31867 | Depths:1 | Noticed the Enchantress
 31998 | Depths:1 | Noticed a spriggan defender
 31998 | Depths:1 | Noticed a spriggan defender
 31998 | Depths:1 | Noticed a spark wasp
 31998 | Depths:1 | Noticed a spark wasp
 31998 | Depths:1 | Noticed a spark wasp
 31998 | Depths:1 | Noticed a stone giant
 31999 | Depths:1 | Noticed a spark wasp
 32001 | D:15     | Slain by a red ugly thing

Skill      XL: |  1  2  3  4  5  6  7  8  9 10 11 12 13 |
---------------+----------------------------------------+-----
Dodging        | 2 3 4 6 7 8 9 10 11 12 13 | 13.0
Stealth        | 6 7 8 9 10 11 12 13 | 13.1
Short Blades   | 3 4 5 7 8 |  8.6
Throwing       | 3 4 5 7 |  7.7
Fighting       | 2 |  2.0
Long Blades    | 1 |  1.8
Crossbows      | 4 5 |  5.7
Bows           | 1 7 10 12 14 | 14.2
Maces & Flails | 3 5 7 |  7.4
Slings         | 1 |  1.4

Action                   |  1- 3 |  4- 6 |  7- 9 | 10-12 | 13-15 || total
-------------------------+-------+-------+-------+-------+-------++-------
Melee: Dagger            |    29 |   110 |   207 |    55 |    87 ||   488
       Blowgun           |     1 |       |       |       |       ||     1
       Flail             |       |    24 |    64 |   427 |    54 ||   569
       Long sword        |       |       |    69 |     4 |       ||    73
       Hand axe          |       |       |     5 |       |       ||     5
       War axe           |       |       |       |     6 |       ||     6
       Short sword       |       |       |       |    38 |       ||    38
 Fire: Blowgun           |   142 |    70 |    15 |   148 |    16 ||   391
       Shortbow          |       |       |   259 |   823 |   219 ||  1301
       Hand crossbow     |       |       |   113 |    81 |       ||   194
       Hunting sling     |       |       |     1 |     3 |       ||     4
Throw: Stone             |     1 |   148 |   151 |    60 |     3 ||   363
       Tomahawk          |       |     9 |    35 |    63 |    10 ||   117
Invok: Berserk           |       |       |     4 |    23 |     2 ||    29
       Trog's Hand       |       |       |       |    14 |     3 ||    17
Evoke: Wand              |       |       |    12 |     1 |       ||    13
  Use: Scroll            |     2 |     3 |    15 |    14 |     5 ||    39
       Potion            |       |       |     9 |    10 |     1 ||    20
 Stab: Sleeping          |     3 |     5 |    11 |     8 |     5 ||    32
       Distracted        |       |       |     1 |       |     1 ||     2
       Invisible         |       |       |       |       |     6 ||     6
  Eat: Ration            |       |     1 |     6 |    21 |     2 ||    30
Armor: Robe              |     7 |    13 |    36 |    68 |       ||   124
       Troll leather arm |       |       |       |     1 |    14 ||    15
Dodge: Dodged            |    25 |   137 |   384 |   948 |   189 ||  1683
       Rpst.: Long sword |       |       |    23 |       |       ||    23
